Cogmind - Beta 9.2 @@@ ROGUE MODE // 2019.11.14 @ 11:11:37 Player: Demise Result: Destroyed by G-34 Mercenary with Small Laser Performance ------------- Evolutions (0) 0 Regions Visited (1) 200 Robots Destroyed (17) 85 Value Destroyed (311) 311 Prototype IDs (0) 0 Alien Tech Used (0) 0 Bonus (0) 0 TOTAL SCORE: 596 Bonus ------- None Cogmind --------- Core Integrity 0/250 Matter 274/300 Energy 100/100 System Corruption 0% Temperature Cool (6) Movement Core (1100) Ox21 Location -10/Materials Parts ------- > --- POWER (1) -------- (None) > --- PROPULSION (2) --- (None) > --- UTILITY (2) ------ High-capacity Storage Unit High-capacity Storage Unit > --- WEAPON (2) ------- (None) > --- INVENTORY (20) --- High-capacity Storage Unit High-capacity Storage Unit High-capacity Storage Unit High-capacity Matter Pod (200) Sensor Array Signal Interpreter Improved Terrain Scanner Transport Network Coupler Datajack Mining Laser Peak State ------------ > --- POWER ------------ Ion Engine > --- PROPULSION ------- Wheel Wheel > --- UTILITY ---------- High-capacity Storage Unit Improved Terrain Scanner > --- WEAPON ----------- Assault Rifle Assault Rifle > --- INVENTORY -------- Light Ion Engine High-capacity Storage Unit High-capacity Storage Unit High-capacity Storage Unit High-capacity Storage Unit High-capacity Matter Pod Signal Interpreter EM Pulse Gun Datajack Mining Laser [Rating: 9] Favorites ----------- Power Ion Engine Engine Ion Engine Propulsion Wheel Leg Aluminum Leg Wheel Wheel Hover Unit Improved Hover Unit Utility High-capacity Storage Unit Device Improved Terrain Scanner Storage High-capacity Storage Unit Processor Seismic Analyzer Weapon Assault Rifle Energy Gun EM Pulse Gun Ballistic Gun Assault Rifle Special Weapon Mining Laser Build | -11 -10 ------- Run | Scr Mat Slots Evolved . | . . Power . | . . Propulsion . | . . Utility . | . . Weapon . | . . Parts Attached 18 | 7 11 Power 2 | . 2 Engine 2 | . 2 Core . | . . Reactor . | . . Propulsion 5 | 3 2 Treads . | . . Leg . | . . Wheel 3 | 3 . Hover 2 | . 2 Flight . | . . Utility 8 | 4 4 Device 2 | 1 1 Storage 5 | 2 3 Processor 1 | 1 . Hackware . | . . Protection . | . . Artifact . | . . Weapon 3 | . 3 Energy Gun 1 | . 1 Energy Cannon . | . . Ballistic Gun 1 | . 1 Ballistic Cannon . | . . Launcher . | . . Special Weapon 1 | . 1 Impact Weapon . | . . Slashing Weapon . | . . Piercing Weapon . | . . Special Melee Weapon . | . . Unidentified Prototypes . | . . Parts Lost 9 | . 9 Power 2 | . 2 Propulsion 4 | . 4 Utility . | . . Weapon 3 | . 3 Highest Loss Streak 9 | . 9 Average Slot Usage (%) 96 | . 96 Engine 12 | . 12 Wheel 26 | . 26 Device 9 | . 9 Storage 18 | . 18 Energy Gun 1 | . 1 Ballistic Gun 24 | . 24 Special Weapon 1 | . 1 Naked Turns . | . . Heaviest Build 71 | 15 71 Greatest Support 26 | 26 20 Greatest Overweight (x) 21 | 1 21 Average Overweight (x) 1 | . 1 Largest Inventory Capacity 20 | 8 20 Average Capacity 12 | 5 14 Most Carried 12 | 6 12 Average Carried 9 | 4 10 Final Capacity 20 | 4 20 Final Carried 10 | 4 10 Class Distribution -------------------- 81% | Mutant 18% | Hauler-Mutant Dominant Class ---------------- Mutant | -10/Materials Resources | -11 -10 ----------- Run | Scr Mat Matter Collected 878 | 462 416 Remotely . | . . Salvage Created 625 | 242 383 Parts 44 | 20 24 Haulers Intercepted 2 | . 2 Recyclers Shooed . | . . Parts Field Recycled . | . . Retrieved Matter . | . . Parts Self-Destructed . | . . Prevented . | . . Kills | -11 -10 ------- Run | Scr Mat Combat Hostiles Destroyed 7 | . 7 Guns 7 | . 7 Classes Destroyed 5 | 3 2 Worker 2 | 2 . Tunneler 5 | 5 . Hauler 2 | . 2 Recycler 1 | 1 . Grunt 7 | . 7 Best Kill Streak 5 | 5 4 Combat Bots Only 4 | . 4 Max Kills in Single Turn 1 | 1 1 Gunslinging . | . . Exploded . | . . Melee . | . . Uniques/NPCs Destroyed . | . . Combat | -11 -10 -------- Run | Scr Mat Damage Taken 970 | . 970 Core 255 | . 255 Absorbed by Shields . | . . Core Remaining (%) 100 | 100 . Volleys Fired 55 | 16 39 Largest 2 | 2 2 Hottest 100 | 40 100 Shots Fired 102 | 32 70 Gun 99 | 32 67 Cannon . | . . Launcher . | . . Special 3 | . 3 Kinetic 91 | 32 59 Thermal 3 | . 3 Explosive . | . . Electromagnetic 8 | . 8 Robot Hit Streak 11 | 5 11 Robot Miss Streak 2 | 2 2 Penetration Max . | . . Secondary Targets 1 | . 1 Max Gunslinging Chain 1 | . 1 Shots Hit Robots 68 | 17 51 Core Hits 30 | 9 21 Critical Hits . | . . Critical Kills . | . . Critical Parts Destroyed . | . . Melee Attacks . | . . Impact . | . . Slashing . | . . Piercing . | . . Sneak Attacks . | . . Combat Hostiles . | . . Follow-up Attacks . | . . Damage Inflicted 897 | 215 682 Guns 897 | 215 682 Cannons . | . . Explosions . | . . Melee . | . . Ramming . | . . Kinetic 832 | 215 617 Thermal . | . . Explosive . | . . Electromagnetic 65 | . 65 Impact . | . . Slashing . | . . Piercing . | . . Highest Corruption . | . . Average Corruption . | . . Corruption Purged . | . . Overload Shots . | . . Overflow Damage . | . . Projectiles . | . . Explosions . | . . Melee . | . . Knockbacks . | . . Impact . | . . Kinetic . | . . Secondary . | . . Self-Inflicted Damage . | . . Shots . | . . Rammed . | . . Targets Rammed . | . . Kicked . | . . Crushed . | . . Highest Temperature 63 | . 63 Average Temperature 17 | . 17 Received Heat Transfer 540 | . 540 Siege Activations . | . . Robots Corrupted . | . . Combat Hostiles . | . . Parts Fried . | . . Impact Corruptions . | . . Robots Melted . | . . Combat Hostiles . | . . Parts Melted . | . . Heat Transferred . | . . Parts Sabotaged . | . . Parts Stolen . | . . Parts Stripped . | . . Power Chain Reactions . | . . Missiles Intercepted . | . . Alert | -11 -10 ------- Run | Scr Mat Peak Influence 236 | 40 236 Average Influence 80 | 20 102 Maximum Alert Level 1 | . 1 Low Security (%) 94 | 100 92 Level 1 5 | . 7 Level 2 . | . . Level 3 . | . . Level 4 . | . . Level 5 . | . . High Security . | . . Max Security . | . . Squads Dispatched 4 | . 4 Investigation 2 | . 2 Extermination . | . . Reinforcement 2 | . 2 Assault . | . . Garrison . | . . Intercept . | . . Construction Impeded . | . . Haulers Reinforced . | . . Stealth | -11 -10 --------- Run | Scr Mat Distress Signals . | . . Communications Jammed . | . . Distress Signals . | . . Times Spotted 16 | . 16 Peak Tracking Total 6 | . 6 Tactical Retreats 1 | . 1 Traps | -11 -10 ------- Run | Scr Mat Traps Triggered 1 | . 1 Indirectly . | . . Trap Hack Attempts . | . . Triggered . | . . Disarmed . | . . Reprogrammed . | . . Reused . | . . Traps Extracted . | . . Installed . | . . Triggered . | . . Machines | -11 -10 ---------- Run | Scr Mat Machines Disabled . | . . Max in Single Turn . | . . Machines Sabotaged . | . . Garrisons Compromised . | . . Overloaded Fab Kills . | . . Fab Network Shutdowns . | . . Hacking | -11 -10 --------- Run | Scr Mat Machines Accessed 3 | . 3 Terminals 3 | . 3 Fabricators . | . . Repair Stations . | . . Recycling Units . | . . Scanalyzers . | . . Garrison Access . | . . Total Hacks 10 | . 10 Successful 5 | . 5 Failed 5 | . 5 Catastrophic . | . . Database Lockouts . | . . Manual 8 | . 8 Terminals 10 | . 10 Fabricators . | . . Repair Stations . | . . Recycling Units . | . . Scanalyzers . | . . Garrison Access . | . . Terminal Hacks 2 | . 2 Part Schematic 1 | . 1 Branch Access Points 1 | . 1 Fabricator Hacks . | . . Repair Station Hacks . | . . Recycling Unit Hacks . | . . Scanalyzer . | . . Garrison Access Hacks . | . . Unauthorized Hacks 8 | . 8 Terminals 3 | . 3 Botnet 3 | . 3 Fabricators . | . . Repair Stations . | . . Recycling Units . | . . Scanalyzers . | . . Garrison Access . | . . Data Cores Recovered . | . . Used . | . . Hacking Detections 3 | . 3 Full Trace Events 1 | . 1 Feedback Events . | . . Feedback Blocked . | . . Robot Schematics Acquired . | . . Robots Built . | . . Matter . | . . Time . | . . Total Robot Build Rating . | . . Part Schematics Acquired 1 | . 1 Parts Built . | . . Matter . | . . Time . | . . Total Part Build Rating . | . . Parts Repaired . | . . Time . | . . Parts Recycled . | . . Recycled Matter . | . . Retrieved Matter . | . . Retrieved Components . | . . Parts Scanalyzed . | . . Part Schematics Acquired . | . . Parts Damaged . | . . Bothacking | -11 -10 ------------ Run | Scr Mat Used RIF Installer . | . . Robots Hacked . | . . Non-combat . | . . Combat . | . . Robot Hacks Applied . | . . Relay Couplers Released . | . . Robots Rewired . | . . Allies Hacked . | . . Hacks Repelled . | . . Allies | -11 -10 -------- Run | Scr Mat Total Allies . | . . Largest Group . | . . Highest-Rated Group . | . . Highest-Rated Ally . | . . Total Orders . | . . Ally Attacks . | . . Total Damage . | . . Kills . | . . Allies Corrupted . | . . Allies Melted . | . . Intel | -11 -10 ------- Run | Scr Mat Robot Analysis Total . | . . Derelict Logs Recovered . | . . Drone Launches . | . . Drone Recoveries . | . . Exploration | -11 -10 ------------- Run | Scr Mat Turns Passed 539 | 143 396 Spaces Moved 329 | 84 245 Core 1 | . 1 Treads . | . . Legs 7 | 7 . Wheels 320 | 77 243 Hover 1 | . 1 Flight . | . . Fastest Speed 80 | 80 80 Average Speed 98 | 85 103 Slowest Speed 1100 | 120 1100 Overloaded Moves . | . . Propulsion Burnouts . | . . Robots Hopped . | . . Cave-ins Triggered . | . . Exploration Rate (%) 22 | 3 42 Regions Visited 1 Branch Regions . Pre-discovered Areas . | . . Known Exits Taken . | . . Unknown Exits Taken 1 | 1 . Scrap Searched . | . . Spaces Dug 3 | . 3 Terrain Destroyed 3 | . 3 Melee . | . . Projectile 3 | . 3 AOE . | . . Actions | -11 -10 --------- Run | Scr Mat Total 442 | 126 316 Wait 6 | . 6 Move 328 | 83 245 Hop . | . . Pick Up 17 | 6 11 Fast Attach 9 | 6 3 Attach 2 | . 2 Detach 4 | 3 1 Swap 7 | 1 6 Drop 14 | 11 3 Fire 55 | 16 39 Melee . | . . Ram . | . . Kick . | . . Crush . | . . Escape Stasis . | . . Rewire . | . . Trap . | . . Miscellaneous . | . . Route ------- -11/Scrapyard -10/Materials (discovered 2 exits: [*Mat] / *Min) History --------- Turn | Location | Event 13 | -11/Scrapyard | Discovered new exit (range 3) 144 | -11/Scrapyard | Entered Materials 172 | -10/Materials | Identified exit to Mines 283 | -10/Materials | Discovered new exit (range 4) 305 | -10/Materials | Build established: Mutant 497 | -10/Materials | Core integrity fell below 50% 535 | -10/Materials | Core integrity fell below 20% 540 | -10/Materials | Destroyed by G-34 Mercenary with Small Laser Last Messages --------------- 00490_ G-34 Mercenary destroyed. 00492_ G-47 Trooper destroyed. 00492_ Switching to secondary target: G-34 Mercenary. 00492_ U-05 Engineer destroyed. 00493_ Acquired 41 matter. 00501_ G-34 Mercenary destroyed. 00503_ U-05 Engineer lays Concrete. 00504_ Acquired 22 matter. 00512_ EM Pulse Gun destroyed. 00514_ Wheel destroyed. 00518_ Acquired Imp. Hover Unit. 00518_ Lgt. Ion Engine destroyed. 00519_ U-05 Engineer builds a Door. 00522_ Wheel destroyed. 00523_ G-47 Trooper IFF system glitched. 00531_ G-47 Trooper misfires. 00532_ Imp. Hover Unit destroyed. 00532_ Acquired Imp. Hover Unit. 00535_ Assault Rifle destroyed. 00536_ Imp. Hover Unit destroyed. Map ----- +----------------------------------------------------+ | ?# # ???? | | ?# # """ ### ???? | | ?# # """ #??????????? | | ?# # !!= """ #??????????? | | ?########### ! !!= #??????????? | | ????????# !!= #??????????? | | ????????# #?#? ??????? | | ?????#?## #??????????? | | ??????#?## ######+### #??????????? | | ???????#?# #?# #######??????????? | | ?????????# #?# """ #????????????????? | | ?????????# #?# """ #?#??#???????????? | | ????? ???# #?# """ #???????#????????? | | ????"??? # #?# #???????? ???????? | | ????"T?"?# ### #????????????????? | | ????? ??# ##""######????????????????? | | ? ??? ?# #"########## ?????????? | | ??????"" # ????????? | | ???????" # ????????? | | ???? """ + #??#???????? | | ??? #%=[############ #??????????? | | ??#####??#u%[#?????????????????????????? | | # =#!=%#####?????#???????????????? | | # [+=|!g =#?????????????????????? | | # #%| g =#??????#??????????????? | | ?????????# *!g @[#?????????????????????? | | ?????????# [[#?????????????????????? | | ?????????# [[#??????? ?????????????? | | ?????????# [[#?????????????????????? | | ?????????+ #####?????????????????????? | | ?????????# #?????????????????????????? | | ?????????# #?????????????????????????? | | ????????? ?????????????????????????? | | ???????? ?????????????????????????? | | ???????# ?????????????????????????? | | ???????# > ?????????????????????????? | | ???????# ?????????????????????????? | | ???????#"" "?????????????????????????? | | ?????????"|||"?????????????????????????? | | ??????????"""??????????????????????????? | | ???????????????????????????????????????? | | ???????????????????????????????????????? | | ???????????????????????????????????????? | | | | | | | | | | | | | | | +----------------------------------------------------+ Best States ------------- Heat Dissipation 25 Energy Generation 10 Energy Capacity 250 Matter Stores 300 Matter Capacity 300 Sight Range 16 Terrain Scan Range 16 Terrain Scan Density 60 Evasion (%) 44 Item Schematics ----------------- Hcp. Storage Unit | -10/Materials | Hacked Robot Schematics ------------------ None Fabricated ------------ Nothing Alien Tech Used ----------------- None Achievements -------------- None Challenges ------------ None Game ------ Seed SuperchargedFireAutocannon Manual? 0 Play Time 00:09:53 Cumulative 120.0 hours Start 2019.11.14 @ 11:02:50 End 2019.11.14 @ 11:11:37 Sessions 1 Manual Loads 0 Difficulty Rogue Special Mode None Game No. 161 Rogue 150 Adventurer 11 Explorer 0 Win Type - Total 0 Types 0/0/0/0/0/0/0 Lore% 43 Gallery% 54 Achievement% 37 Wizard Run 0 Options --------- ASCII 0 Keyboard 1 Movement Numpad Keybinds 0 Fullscreen 1 Font 12/Terminus Map View 83x54 Tactical HUD 1 Map Filters NONE Filters NONE Steam 1 RUN: 26d615df-8c3a-4487-ac08-a543d89e2b61